 Dungeon Crawl Stone Soup version bcrawl-1.12.1 (webtiles) character file.

Game seed: 6759834011600819596

5946 Chiseanne the Fighter (level 10, -9/101 (102) HPs)
             Began as a Naga Archaeologist on July 11, 2019.
             Was an Initiate of Cheibriados.
             Mangled by a snapping turtle (19 damage)
             ... on level 8 of the Dungeon.
             The game lasted 00:36:52 (10439 turns).

Chiseanne the Fighter (Naga Archaeologist)         Turns: 10439, Time: 00:36:53

HP:   -9/101 (102)  AC: 19    Str: 15    XL:     10   Next: 84%
MP:   18/18         EV: 10    Int: 18    God:    Cheibriados [......]
Gold: 524           SH:  0    Dex: 13    Spells: 19/20 levels left

rFire    + + .     SeeInvis +   a - +3 rapier (venom)
rCold    x . .     Gourm    .   (no shield)
rNeg     . . .     Faith    .   f - +8 salamander hide armour {+Fog rF++ rC-}
rPois    +         Spirit   .   m - +0 helmet
rElec    .         Reflect  .   K - +2 cloak {rPois}
rCorr    +         Harm     .   r - +0 pair of gloves
MR       +....                  (no barding)
Stlth    +++.......             (no amulet)
HPRegen  0.26/turn              A - ring of resist corrosion
MPRegen  0.16/turn              (no ring)

@: very slow
A: large, see invisible, clever 1, deformed body, poison resistance, slowness 2,
slow metabolism 1, spit poison 1, MP-powered wands, AC +3
a: Spit Poison, Bend Time, Renounce Religion, Evoke Fog


You were on level 8 of the Dungeon.
You worshipped Cheibriados.
Cheibriados was noncommittal.
You were hungry.

You visited 2 branches of the dungeon, and saw 9 of its levels.

You collected 719 gold pieces.
You spent 195 gold pieces at shops.

Inventory:

Hand Weapons
 a - a +3 rapier of venom (weapon)
 s - a +3 rapier of holy wrath
 w - a +1 hunting sling of freezing
 B - a +2 hand axe of electrocution
 C - the +5 war axe "Obrew" {antimagic, rElec Str+3 Int+3}
   (You bought it in a shop on level 8 of the Dungeon)

   It reduces the magical energy of the wielder, and disrupts the spells and
   magical abilities of those hit.
   Natural abilities and divine invocations are not affected.
   It affects your strength (+3).
   It affects your intelligence (+3).
   It insulates you from electricity.
Missiles
 d - 293 bolts
 e - 432 sling bullets
 j - 408 poisoned needles
 k - 1879 stones (quivered)
 n - 1022 arrows
 u - 2 throwing nets {!f}
 x - 100 tomahawks
Armour
 f - the +8 salamander hide armour (worn) {+Fog rF++ rC-}

   It greatly protects you from fire.
   It makes you vulnerable to cold.
 m - a +0 helmet (worn)
 r - a +0 pair of gloves (worn)
 I - the +6 chain mail "Woedoos" {rC+++ MR- MP+9 Dex+2}
   (You found it on level 6 of the Dungeon)

   It affects your dexterity (+2).
   It renders you almost immune to cold.
   It affects your resistance to hostile enchantments.
   It affects your magic capacity (+9).
 K - a +2 cloak of poison resistance (worn)
Magical Staves
 F - an uncursed staff of air
Jewellery
 A - a ring of resist corrosion (left hand)
 G - an uncursed ring of positive energy {unknown}
Wands
 b - a wand of disintegration (11)
 i - a wand of polymorph (12)
 o - a wand of random effects (21)
 y - a wand of enslavement (6)
Scrolls
 h - 3 scrolls of remove curse
 p - 15 scrolls of teleportation
 z - a scroll of blinking
 D - a scroll of enchant armour
 H - 5 scrolls of amnesia
 N - a scroll of identify
Potions
 c - a potion of ambrosia
 l - 5 potions of lignification
 q - 2 potions of degeneration {unknown}
 t - 2 potions of mutation
 v - a potion of curing
 E - a potion of magic {unknown}
 J - a potion of flight {unknown}
 L - a potion of heal wounds
 M - a potion of might {unknown}
Comestibles
 g - 10 rations {!d}


   Skills:
 * Level 10.0 Fighting
   Level 1.0 Maces & Flails
 - Level 5.8 Armour
 - Level 2.4 Dodging
 - Level 4.8 Stealth
 * Level 5.5 Spellcasting
 * Level 9.5 Evocations


You had 19 spell levels left.
You knew the following spells:

 Your Spells              Type           Power        Failure   Level  Hunger
a - Magic Dart            Conj           #...         16%         1    None

Your spell library contained the following spells:

 Spells                   Type           Power        Failure   Level  Hunger
 Slow                     Hex            #.......     16%         1    None
 Blink                    Tloc           N/A          22%         2    #......
 Call Imp                 Summ           #.......     22%         2    #......
 Conjure Flame            Conj/Fire      #.......     41%         3    ##.....
 Mephitic Cloud           Conj/Pois/Air  #.......     41%         3    ##.....


Dungeon Overview and Level Annotations

Branches:
Dungeon (8/12)             Temple (1/1) D:7
   Lair: D:7-10         Orc: D:8-11

Altars:
Cheibriados
Fedhas
Hepliaklqana
Lugonu
Ru
Sif Muna
Trog
Xom
Yredelemnul
Zin
The Shining One
Jiyva

Shops:
D:4 [   D:5 (   D:8 (


Innate Abilities, Weirdness & Mutations

You cannot wear boots.
Your serpentine skin is tough. (AC +3)
You have supernaturally acute eyesight. (SInv)
Armour fits poorly on your strangely shaped body.
Your system is resistant to poisons. (rPois)
You cover ground very slowly.
You have a slow metabolism.
You can spit poison.
Your mind is acute. (Int +2)
You expend magic power (3 MP) to strengthen your wands.


Message History

The snapping turtle is poisoned.
The snapping turtle bites you.
You barely miss the snapping turtle.
The snapping turtle is lightly wounded.
The snapping turtle bites you!
You completely miss the snapping turtle.
The snapping turtle is lightly wounded.
The snapping turtle bites you!
You hit the snapping turtle but do no damage.
The snapping turtle looks even sicker.
The snapping turtle is lightly wounded.
The snapping turtle barely misses you. The snapping turtle bites you.
The snapping turtle bites you from afar!!
* * * LOW HITPOINT WARNING * * *
The snapping turtle bites you from afar!
* * * LOW HITPOINT WARNING * * *
The snapping turtle bites you from afar!
* * * LOW HITPOINT WARNING * * *
The snapping turtle barely misses you.
The snapping turtle bites you from afar!!
You die...

≈)≈≈###...#######..........
♣)♣≈###...# ##.########
.∩..+.#...# #.# ♣.♣≈#.....# #.#
≈.≈≈###...# #.# #+######.#####
#.# ### #.........# ###t#########
#.# .###...#...#.#
#...........###.##
...........#.###@####.####......#
.###...............##.# #####.##
#...##..#.###.#.##.# #.##
#.........# #...##.# #...
###.......# #......# ####
#.##.#.## #...#### ##.#..#.#
##.## #.......# #.# #.......# #.#


You could see a snapping turtle.

Vanquished Creatures
  Pikel (D:7)
  Joseph (D:8)
  A centaur zombie (D:8)
  A troll (D:7)
  Sigmund (D:4)
  Menkaure (D:4)
  Edmund (D:4)
  Duvessa (D:4)
  An eye of draining (D:5)
  An orc warrior (D:7)
  5 sky beasts
  A necrophage (D:7)
  3 phantoms
  5 ogres
  3 centaurs
  3 bullfrogs
  3 scorpions
  Dowan (D:4)
  3 howler monkeys
  9 crimson imps
  2 bullfrog skeletons
  6 hounds
  2 gnoll shamans (D:6)
  3 orc priests
  7 orc wizards
  Crazy Yiuf (D:6)
  2 centaur skeletons (D:4)
  Ijyb (D:4)
  3 iguanas
  8 worker ants
  A killer bee zombie (D:5)
  A hound skeleton (D:6)
  46 gnolls
  2 howler monkey skeletons
  11 adders
  An ooze (D:2)
  2 adder skeletons
  An adder zombie (D:4)
  A worm (D:2)
  3 dart slugs
  7 leopard geckos
  33 orcs
  3 ball pythons
  6 giant cockroaches
  10 goblins
  10 hobgoblins
  32 jackals
  3 quokkas
  4 bats
  4 frilled lizards
  2 jackal skeletons
  11 kobolds
  6 rats
  A spectral orc (D:5)
282 creatures vanquished.

Vanquished Creatures (others)
  A howler monkey (D:7)
  A plant (D:2)
2 creatures vanquished.

Grand Total: 284 creatures vanquished

Notes
Turn   | Place    | Note
-------+----------+-------------------------------------------
     0 | D:1      | Chiseanne the Naga Archaeologist began the quest for the
                  | Orb.
     0 | D:1      | Reached XP level 1. HP: 18/18 MP: 1/1
   397 | D:1      | Reached skill level 2 in Fighting
   397 | D:1      | Reached XP level 2. HP: 19/26 MP: 2/2
   982 | D:1      | Reached XP level 3. HP: 22/33 MP: 3/3
  1382 | D:2      | Reached skill level 1 in Armour
  1688 | D:2      | Reached XP level 4. HP: 14/40 MP: 4/4
  1701 | D:2      | Gained mutation: Your mind is acute. (Int +2) [potion of
                  | mutation]
  1701 | D:2      | Gained mutation: You expend magic power (3 MP) to
                  | strengthen your wands. [potion of mutation]
  2030 | D:2      | Reached XP level 5. HP: 40/48 MP: 5/5
  2190 | D:2      | Found a sacrificial altar of Ru.
  2340 | D:2      | Found a bloodstained altar of Trog.
  2601 | D:3      | Reached skill level 5 in Armour
  3099 | D:3      | Reached XP level 6. HP: 55/55 MP: 6/6
  3133 | D:3      | Reached skill level 3 in Fighting
  3499 | D:4      | Noticed Edmund
  3517 | D:4      | Killed Edmund
  3517 | D:4      | Reached skill level 1 in Evocations
  3679 | D:4      | Reached skill level 4 in Fighting
  3679 | D:4      | Reached XP level 7. HP: 27/64 MP: 8/8
  3962 | D:4      | Found a corrupted altar of Lugonu.
  3963 | D:4      | Noticed Sigmund
  3994 | D:4      | Killed Sigmund
  4163 | D:4      | Reached skill level 5 in Fighting
  4250 | D:4      | Noticed Ijyb
  4264 | D:4      | Killed Ijyb
  4394 | D:4      | Reached XP level 8. HP: 65/75 MP: 11/11
  4540 | D:4      | Noticed Duvessa
  4542 | D:4      | Noticed Dowan
  4558 | D:4      | Killed Dowan
  4559 | D:4      | Killed Duvessa
  4559 | D:4      | Reached skill level 6 in Fighting
  4559 | D:4      | Reached skill level 5 in Evocations
  5343 | D:4      | Found Xeskizal's Antique Armour Shoppe.
  5403 | D:5      | Entered Level 5 of the Dungeon
  5453 | D:5      | Reached skill level 7 in Fighting
  5499 | D:4      | Noticed Menkaure
  5507 | D:4      | Killed Menkaure
  5507 | D:4      | Reached XP level 9. HP: 44/86 MP: 4/14
  6125 | D:5      | Found a basalt altar of Yredelemnul.
  6179 | D:5      | Learned a level 1 spell: Magic Dart
  6336 | D:5      | Reached skill level 8 in Fighting
  6336 | D:5      | Reached skill level 1 in Spellcasting
  6352 | D:5      | Found Rafack Wiesi's Antique Weapon Shop.
  6924 | D:6      | Got a slimy robe
  7744 | D:6      | Found a runed door.
  7886 | D:6      | Reached XP level 10. HP: 88/98 MP: 16/16
  8064 | D:6      | Got a jewelled chain mail
  8123 | D:6      | Reached skill level 9 in Fighting
  8457 | D:6      | Noticed Crazy Yiuf
  8467 | D:6      | Killed Crazy Yiuf
  8490 | D:6      | Identified the +2 robe of Card Tricks {-Cast Int+2 Dex+2}
                  | (You found it on level 6 of the Dungeon)
  8502 | D:6      | Identified the +6 chain mail "Woedoos" {rC+++ MR- MP+9
                  | Dex+2} (You found it on level 6 of the Dungeon)
  8915 | D:7      | Noticed Pikel
  8925 | D:7      | Killed Pikel
  9125 | D:7      | Found a staircase to the Ecumenical Temple.
  9178 | Temple   | Entered the Ecumenical Temple
  9365 | Temple   | Became a worshipper of Cheibriados the Contemplative
  9397 | D:7      | Found a hazy altar of Hepliaklqana.
  9813 | D:8      | Reached skill level 5 in Spellcasting
  9997 | D:8      | Noticed Joseph
 10011 | D:8      | Killed Joseph
 10197 | D:8      | Found Zyuhef's Antique Weapon Shoppe.
 10211 | D:8      | Bought a bloodstained war axe for 195 gold pieces
 10218 | D:8      | Identified the +5 war axe "Obrew" {antimagic, rElec Str+3
                  | Int+3} (You bought it in a shop on level 8 of the Dungeon)
 10355 | D:8      | Reached skill level 10 in Fighting
 10420 | D:8      | Noticed a two-headed ogre
 10422 | D:8      | a two-headed ogre changed into a snapping turtle
 10439 | D:8      | Mangled by a snapping turtle

Skill      XL: |  1  2  3  4  5  6  7  8  9 10 |
---------------+-------------------------------+-----
Fighting       | 2 4 5 7 8 10 | 10.0
Armour         | 3 4 5 |  5.8
Evocations     | 2 4 6 8 9 |  9.5
Spellcasting   | 3 5 |  5.5
Maces & Flails | |  1.0
Dodging        | |  2.4
Stealth        | |  4.8

Action                   |  1- 3 |  4- 6 |  7- 9 | 10-12 || total
-------------------------+-------+-------+-------+-------++-------
Melee: Whip              |    81 |       |       |       ||    81
       Mace              |    60 |     6 |       |       ||    66
       Dagger            |       |   190 |    94 |       ||   284
       Rapier            |       |    34 |   403 |   218 ||   655
Throw: Stone             |       |       |     1 |       ||     1
 Abil: Spit Poison       |     8 |     4 |    12 |     3 ||    27
Evoke: Wand              |       |       |       |     1 ||     1
  Use: Scroll            |     1 |     7 |     2 |     4 ||    14
       Potion            |       |     3 |     1 |       ||     4
 Stab: Sleeping          |     6 |     9 |    12 |     2 ||    29
       Distracted        |       |       |     1 |       ||     1
  Eat: Chunk             |     2 |     5 |    13 |     7 ||    27
Armor: Robe              |     2 |       |       |       ||     2
       Ring mail         |    54 |    94 |       |       ||   148
       Skin              |       |    10 |       |       ||    10
       Leather armour    |       |    23 |   267 |   147 ||   437
Dodge: Dodged            |   100 |   109 |   297 |   130 ||   636
